 Dungeon Crawl Stone Soup version 0.14.0-12-g87ee3b7 (webtiles) character file.

1900 Ragg the Cleaver (level 8, -6/64 HPs)
             Began as a Minotaur Berserker on Apr 17, 2014.
             Was a High Priest of Trog.
             Mangled by a goliath beetle (8 damage)
             ... on Level 6 of the Dungeon.
             The game lasted 00:12:51 (4946 turns).

Ragg the Cleaver (Minotaur Berserker)               Turns: 4946, Time: 00:12:51

HP  -6/64        AC 17     Str 22      XL: 8   Next: 59%
MP   3/3         EV  6     Int  4      God: Trog [*****.]
Gold 326         SH  0     Dex 11 (12) Spells:  0 memorised,  7 levels left

rFire  . . .     SeeInvis .     u - +0 hand axe
rCold  . . .     Clarity  .     G - +0 plate armour
rNeg   . . .     Conserve .     (no shield)
rPois  +         rCorr    .     (helmet restricted)
rElec  .         rRot     .     (no cloak)
SustAb . .       Spirit   .     (no gloves)
rMut   .         Warding  .     (no boots)
Saprov . . .     Stasis   .     (no amulet)
MR     .....                    D - ring of poison resistance
                                E - +3 ring of protection

@: not resistant to hostile enchantments, extremely unstealthy
A: retaliatory headbutt, horns 2
a: Burn Spellbooks, Berserk, Trog's Hand, Brothers in Arms, Renounce Religion


You were on level 6 of the Dungeon.
You worshipped Trog.
Trog was extremely pleased with you.
You were hungry.

You visited 1 branch of the dungeon, and saw 6 of its levels.
You also visited: Sewer.

You collected 326 gold pieces.

Inventory:

Hand weapons
 u - a +0,+0 hand axe (weapon)
Missiles
 s - 12 poisoned needles
 v - 55 stones (quivered)
Armour
 G - a +0 plate armour (worn)
Magical devices
 I - a wand of flame (13)
 K - a wand of polymorph (13) {unknown}
Comestibles
 c - 6 bread rations
 d - 6 meat rations
 m - a rambutan
 p - 2 pears
 z - a lemon
 A - a choko
 J - 2 rotting chunks of centaur flesh
 L - a rotting chunk of human flesh
Scrolls
 e - a scroll of amnesia {unknown}
 g - a scroll of magic mapping {unknown}
 j - 6 scrolls of teleportation
 k - 2 scrolls of fear
 q - a scroll of random uselessness
 t - 4 scrolls of remove curse
 y - a scroll of enchant armour {unknown}
 B - a scroll of immolation {unknown}
 H - a scroll of blinking {unknown}
 M - a scroll of recharging {unknown}
Jewellery
 f - an uncursed ring of flight
 n - an uncursed ring of wizardry
 D - a ring of poison resistance (right hand)
 E - a +3 ring of protection (left hand)
Potions
 a - a potion of magic
 b - a potion of might
 h - 4 potions of restore abilities
 i - 2 potions of brilliance
 l - 3 potions of curing
 o - a potion of poison
 r - a potion of agility
 w - a potion of lignification
 x - a potion of flight
 C - 2 potions of haste
 F - a potion of berserk rage {unknown}


   Skills:
 - Level 3.6 Fighting
 + Level 10.3 Axes
 + Level 8.9 Armour
 - Level 2.1 Dodging


You had 7 spell levels left.
You didn't know any spells.

Dungeon Overview and Level Annotations

Branches:
Dungeon (6/15)             Temple (0/1) D:5

Altars:
Ashenzari
Elyvilon
Fedhas
Kikubaaqudgha
Makhleb
Okawaru
Zin


Innate Abilities, Weirdness & Mutations

You reflexively headbutt those who attack you in melee.
You have a pair of horns on your head.


Message History

* * * LOW HITPOINT WARNING * * *
You hit the goliath beetle but do no damage.
The goliath beetle is heavily wounded.
You hit the goliath beetle but do no damage.
You headbutt the goliath beetle, but do no damage.
The goliath beetle is heavily wounded.
You hit the goliath beetle but do no damage.
Your headbutt misses the goliath beetle.
The goliath beetle is heavily wounded.
The goliath beetle bites you but does no damage.
You hit the goliath beetle but do no damage.
The goliath beetle is heavily wounded.
You hit the goliath beetle. You headbutt the goliath beetle!
The goliath beetle is severely wounded.
You hit the goliath beetle but do no damage.
The goliath beetle is severely wounded.
You slash the goliath beetle!
The goliath beetle is almost dead.
The goliath beetle bites you!
You die...

############# #.....
#...........### #.....
#...........'.#####.....
#...........#.....'.....
#...........#######.....
######'###### ######
#..# # ##.# # #@# # #B#
. .*. #. ..... #.
....... f.......)
#.........# .........
###


You could see a goliath beetle and a giant spore.

Vanquished Creatures
  Grinder (D:6)
  Eustachio (D:6)
  A phantom (D:4)
  An ogre (D:5)
  A centaur (D:6)
  2 giant frogs (Sewer)
  3 scorpions
  3 crimson imps (D:5)
  3 hounds
  A jelly (D:5)
  A quasit (D:6)
  An iron imp (D:6)
  An orc priest (D:4)
  3 orc wizards (D:4)
  An iguana (D:6)
  2 worker ants (D:4)
  Ijyb (D:5)
  Jessica (D:2)
  A hound skeleton (D:4)
  7 adders
  3 green rats (D:6)
  2 giant mites (Sewer)
  A shadow imp (D:6)
  4 worms
  4 adder skeletons
  2 giant eyeballs (D:5)
  6 giant geckos
  4 oozes
  2 orcs (D:4)
  2 ball pythons
  A bat skeleton (D:4)
  15 giant cockroaches
  8 goblins
  6 hobgoblins
  8 kobolds
  7 quokkas
  12 bats
  A giant cockroach zombie (D:6)
  7 giant newts
  A goblin skeleton (D:5)
  6 jackals
  16 rats
154 creatures vanquished.

Notes
Turn   | Place    | Note
--------------------------------------------------------------
     0 | D:1      | Ragg, the Minotaur Berserker, began the quest for the Orb.
     0 | D:1      | Reached XP level 1. HP: 19/19 MP: 1/1
    29 | D:1      | Reached skill level 4 in Axes
    57 | D:1      | Reached XP level 2. HP: 5/26 MP: 1/1
   101 | D:1      | HP: 1/26 [giant gecko (2)]
   215 | D:1      | Acquired Trog's second power
   617 | D:1      | Reached skill level 5 in Axes
   623 | D:1      | Reached XP level 3. HP: 15/31 MP: 2/2
  1347 | D:2      | Found a white marble altar of Elyvilon.
  1426 | D:2      | Found a burning altar of Makhleb.
  1426 | D:2      | Found an iron altar of Okawaru.
  1442 | D:2      | Reached XP level 4. HP: 37/39 MP: 2/2
  1523 | D:2      | Reached skill level 6 in Axes
  1600 | D:2      | Noticed Jessica
  1608 | D:2      | Killed Jessica
  1852 | D:3      | Found an ancient bone altar of Kikubaaqudgha.
  1855 | D:3      | Found a blossoming altar of Fedhas.
  2010 | D:3      | Found a glowing silver altar of Zin.
  2664 | D:4      | Reached XP level 5. HP: 40/45 MP: 2/2
  2780 | D:4      | Noticed a phantom
  2789 | D:4      | Acquired Trog's third power
  2809 | D:4      | Killed a phantom
  2809 | D:4      | Reached skill level 7 in Axes
  2809 | D:4      | Reached XP level 6. HP: 22/51 MP: 3/3
  3064 | D:4      | Got a sheer robe
  3076 | D:4      | Identified the +1 robe of Coronation {Str+4 Dex+2} (You found it on level 4 of the Dungeon)
  3139 | D:4      | Reached skill level 5 in Armour
  3480 | D:5      | Entered Level 5 of the Dungeon
  3495 | D:5      | Noticed Ijyb
  3501 | D:5      | Paralysed by a giant eyeball for 4 turns
  3512 | D:5      | Paralysed by a giant eyeball for 2 turns
  3520 | D:5      | Killed Ijyb
  3521 | D:5      | Paralysed by a giant eyeball for 3 turns
  3532 | D:5      | Found a staircase to the Ecumenical Temple.
  3562 | D:5      | Reached skill level 8 in Axes
  3562 | D:5      | Reached XP level 7. HP: 57/57 MP: 3/3
  3739 | D:5      | Found a glowing drain.
  3743 | Sewer    | Entered a sewer
  3970 | Sewer    | Reached skill level 9 in Axes
  4420 | D:5      | Found a shattered altar of Ashenzari.
  4550 | D:6      | Reached XP level 8. HP: 62/64 MP: 3/3
  4594 | D:6      | Noticed Grinder
  4594 | D:6      | Paralysed by Grinder for 3 turns
  4617 | D:6      | Killed Grinder
  4630 | D:6      | Noticed Eustachio
  4676 | D:6      | Killed Eustachio
  4676 | D:6      | Reached skill level 10 in Axes
  4939 | D:6      | HP: 1/64 [goliath beetle (18)]
  4946 | D:6      | Mangled by a goliath beetle

Action                   |  1- 3 |  4- 6 |  7- 9 || total
-------------------------+-------+-------+-------++-------
Melee: Hand axe          |    75 |   182 |   202 ||   459
Invok: Burn Spellbooks   |     1 |       |       ||     1
Evoke: Wand              |       |       |     1 ||     1
  Use: Scroll            |       |     5 |     5 ||    10
